 Dungeon Crawl Stone Soup version 0.29.1-1-gd02db6906a (webtiles) character file.

Game seed: 14269509672469157514

35 GigaChad the Trooper (level 3, 0/35 HPs)
             Began as a Minotaur Fighter on Sept 21, 2022.
             Slain by a gnoll
             ... wielding a +0 halberd
              (6 damage)
             ... on level 2 of the Dungeon.
             The game lasted 00:02:30 (1349 turns).

GigaChad the Trooper (Minotaur Fighter)             Turns: 1349, Time: 00:02:30

Health: 0/35       AC: 11    Str: 22    XL:     3   Next: 16%
Magic:  2/2        EV:  7    Int:  5    God:
Gold:   9          SH:  4    Dex:  9    Spells: 2/2 levels left

rFire   . . .      SeeInvis .   a - +1 long sword
rCold   . . .      Faith    .   c - +0 buckler
rNeg    . . .      Spirit   .   e - +2 chain mail
rPois   .          Reflect  .   (helmet restricted)
rElec   .          Harm     .   (no cloak)
rCorr   .          Rampage  .   (no gloves)
Will    .....                   (no boots)
Stlth   ..........              (no amulet)
HPRegen 0.11/turn               (no ring)
MPRegen 0.08/turn               (no ring)

@: no status effects
A: horns 2, retaliatory headbutt
a: no special abilities


You were on level 2 of the Dungeon.
You visited 1 branch of the dungeon, and saw 2 of its levels.

You collected 9 gold pieces.

Inventory:

Hand Weapons
 a - a +1 long sword (weapon)
Armour
 b - a +0 scale mail
 c - a +0 buckler (worn)
 e - a +2 chain mail (worn)
Wands
 g - a wand of polymorph (6)
Potions
 d - 2 potions of might
 f - a potion of magic {unknown}
 h - 2 potions of curing
 i - a potion of attraction {unknown}
 j - a potion of lignification {unknown}


   Skills:
 + Level 4.8 Fighting
 - Level 2.4 Long Blades
 - Level 4.0 Armour
 - Level 3.8 Shields


You had 2 spell levels left.
You didn't know any spells.
Your spell library was empty.

Dungeon Overview and Level Annotations

Branches:
Dungeon (2/15)

Altars:


Innate Abilities, Weirdness & Mutations

You have a pair of horns on your head.
You reflexively headbutt those who attack you in melee.


Message History

A gnoll comes into view. It is wielding a +0 spear.
The gnoll shouts!
A goblin comes into view. It is wielding a +0 club.
The goblin shouts!
The gnoll hits you from afar with a +0 halberd.
A hobgoblin comes into view.
The gnoll hits you from afar with a +0 spear.
The gnoll barely misses you.
You closely miss the gnoll. Your headbutt misses the gnoll.
The gnoll hits you from afar with a +0 spear.
The gnoll hits you but does no damage.
You hit the gnoll. You headbutt the gnoll!
You kill the gnoll!
The gnoll hits you but does no damage.
A gnoll comes into view. It is wielding a +0 halberd.
You have reached level 3!
Your experience leads to an increase in your attributes!
Increase (S)trength, (I)ntelligence, or (D)exterity?
You feel stronger. x2
A gnoll comes into view. It is wielding a +0 club.
The gnoll shouts!
The goblin hits you but does no damage. The gnoll hits you with a +0 spear.
You see here a +0 halberd.
You hit the goblin.
You kill the goblin!
The gnoll hits you but does no damage.
The hobgoblin hits you but does no damage.
The gnoll hits you with a +0 spear.
You see here a +0 club.
You closely miss the gnoll. You headbutt the gnoll.
The gnoll is heavily wounded.
The hobgoblin closely misses you. You furiously retaliate!
You headbutt the hobgoblin, but do no damage.
The gnoll hits you but does no damage.
The gnoll hits you from afar with a +0 halberd.
* * * LOW HITPOINT WARNING * * *
The hobgoblin barely misses you. The gnoll hits you with a +0 spear.
* * * LOW HITPOINT WARNING * * *
The gnoll hits you from afar with a +0 halberd.
You die... ... ..# ## ..# #. .. #.#.# .gg

#.####g######.
#
#....g@.......
#.
######)######.
#.#### #.#
#....####.#
#.........#
#.##.########
#.........#
####
#..######.#
..# #..# #.#
####.#####.


You could see 3 gnolls and a hobgoblin.

Vanquished Creatures
  A gnoll (D:2)
  A worm (D:2)
  A dart slug (D:1)
  A bat (D:1)
  2 endoplasms (D:1)
  3 goblins
  2 hobgoblins (D:1)
  A quokka (D:1)
  2 ball pythons (D:1)
  2 kobolds (D:1)
  4 rats (D:1)
20 creatures vanquished.

Notes
Turn   | Place    | Note
-------+----------+-------------------------------------------
     0 | D:1      | GigaChad the Minotaur Fighter began the quest for the Orb.
     0 | D:1      | Reached XP level 1. HP: 19/19 MP: 0/0
   278 | D:1      | Found a faded altar of an unknown god.
   362 | D:1      | Reached XP level 2. HP: 27/27 MP: 1/1
  1346 | D:2      | Reached XP level 3. HP: 25/34 MP: 2/2
  1349 | D:2      | Slain by a gnoll

Illustrated notes

Levels and vault maps discovered:
D:1:      lightli_molten_gateway, layout_basic,
          hellmonk_ecumenical_altar_lost_god
D:2:      layout_basic, minmay_split_cup_small, uniq_robin,
          uniq_crazy_yiuf_cottage

Skill      XL: |  1  2 |
---------------+-------+-----
Armour         | 4 |  4.0
Fighting       | 4 |  4.8
Long Blades    | |  2.4
Shields        | |  3.8

Action                   || total
-------------------------++-------
Melee: Long sword        ||    48
       Headbutt          ||     8
  Use: Scroll            ||     4
Armor: Chain mail        ||    38
Dodge: Dodged            ||    30
Block: Buckler           ||    14
